2942 views
Uploaded 2020-02-10 23:57:56
Game version 1.32 / 1.32.1
14:47 long 2on2 ladder game on (4)HillsbradCreek
Saved by Grim
2942 views
Uploaded 2020-02-10 23:57:56
Game version 1.32 / 1.32.1
14:47 long 2on2 ladder game on (4)HillsbradCreek


48 units @ 8.4k
/ 1.1k
25 buildings @ 4k
/ 1.4k



| Rod of Necromancy | 3 | 450 |
| Orb of Corruption | 1 | 375 |
| total: | 4 | 825g |
| Acolyte | 2 | 150 | / | 0 |
| Ghoul | 3 | 360 | / | 0 |
| Crypt Fiend | 13 | 2795 | / | 520 |
| Obsidian Statue | 5 | 1000 | / | 175 |
| total: | 23 | 4305g | / | 695w |
| Crypt | 1 | 200 | / | 50 |
| Altar of Darkness | 1 | 180 | / | 50 |
| Ziggurat | 6 | 900 | / | 300 |
| Graveyard | 1 | 215 | / | 0 |
| Tomb of Relics | 1 | 130 | / | 30 |
| Slaughterhouse | 1 | 140 | / | 135 |
| Halls of the Dead | 2 | 640 | / | 420 |
| Black Citadel | 2 | 650 | / | 460 |
| total: | 11 | 1765g | / | 565w |
| 0:02 | Acolyte |
| 0:04 | Crypt |
| 0:08 | Altar of Darkness |
| 0:13 | Acolyte |
| 0:31 | Ziggurat |
| 0:56 | Graveyard |
| 1:14 | Tomb of Relics |
| 1:21 | Ghoul |
| 1:21 | Ghoul |
| 1:35 | Ghoul |
| 1:49 | Ziggurat |
| 2:17 | Crypt Fiend |
| 2:18 | Death Coil |
| 2:24 | Rod of Necromancy |
| 2:48 | Crypt Fiend |
| 3:09 | Crypt Fiend |
| 3:51 | Halls of the Dead |
| 3:58 | Unholy Aura |
| 4:13 | Crypt Fiend |
| 4:39 | Ziggurat |
| 4:45 | Ziggurat |
| 5:24 | Rod of Necromancy |
| 6:00 | Crypt Fiend |
| 6:14 | Slaughterhouse |
| 6:21 | Burrow |
| 6:55 | Death Coil |
| 7:09 | Frost Armor |
| 7:10 | Rod of Necromancy |
| 7:18 | Black Citadel |
| 7:38 | Obsidian Statue |
| 7:43 | Crypt Fiend |
| 7:43 | Crypt Fiend |
| 9:27 | Crypt Fiend |
| 9:27 | Obsidian Statue |
| 9:43 | Crypt Fiend |
| 9:55 | Creature Attack |
| 10:02 | Death Pact |
| 10:13 | Frost Arrows |
| 10:28 | Frost Nova |
| 11:23 | Crypt Fiend |
| 11:23 | Obsidian Statue |
| 11:26 | Ziggurat |
| 11:27 | Ziggurat |
| 11:28 | Improved Creature Attack |
| 12:20 | Orb of Corruption |
| 12:33 | Destroyer Form |
| 13:11 | Crypt Fiend |
| 13:23 | Obsidian Statue |
| 13:23 | Crypt Fiend |
| 13:26 | Creature Carapace |
| 13:42 | Forked Lightning |
| 13:51 | Frost Nova |
| 14:38 | Death Coil |
| 14:40 | Crypt Fiend |
| 14:41 | Obsidian Statue |
| Right click | 1062 |
| Select group | 748 |
| Assign group | 448 |
| Select | 292 |
| Build/train/purchase | 97 |
| Use ability | 35 |
| Minimap ping | 13 |
| Chat | 4 |
| Item give/drop | 2 |
| Misc. action | 1 |


| Healing Salve | 1 | 100 |
| total: | 1 | 100g |
| Peon | 7 | 525 | / | 0 |
| Grunt | 10 | 2000 | / | 0 |
| Shaman | 4 | 520 | / | 80 |
| Tauren | 3 | 840 | / | 240 |
| Spirit Walker | 1 | 195 | / | 35 |
| total: | 25 | 4080g | / | 355w |
| Altar of Storms | 1 | 180 | / | 50 |
| Orc Burrow | 7 | 1120 | / | 280 |
| Barracks | 1 | 180 | / | 50 |
| Voodoo Lounge | 1 | 130 | / | 30 |
| War Mill | 1 | 205 | / | 0 |
| Spirit Lodge | 1 | 150 | / | 150 |
| Tauren Totem | 2 | 270 | / | 310 |
| Stronghold | 1 | 315 | / | 190 |
| Fortress | 1 | 325 | / | 190 |
| total: | 14 | 2235g | / | 870w |
| 0:03 | Peon |
| 0:03 | Peon |
| 0:07 | Altar of Storms |
| 0:22 | Orc Burrow |
| 0:31 | Barracks |
| 0:33 | Peon |
| 0:42 | Peon |
| 0:58 | Peon |
| 1:28 | Orc Burrow |
| 1:34 | Grunt |
| 1:42 | Peon |
| 1:49 | Peon |
| 2:04 | Voodoo Lounge |
| 2:14 | Wind Walk |
| 2:27 | Grunt |
| 2:57 | Orc Burrow |
| 3:06 | Grunt |
| 3:29 | War Mill |
| 3:51 | Stronghold |
| 4:06 | Critical Strike |
| 4:17 | Grunt |
| 4:40 | Steel Melee Weapons |
| 4:43 | Orc Burrow |
| 5:06 | Grunt |
| 5:27 | Healing Salve |
| 5:39 | Grunt |
| 5:47 | Steel Armor |
| 5:54 | Orc Burrow |
| 7:01 | Berserker Strength |
| 7:11 | Spirit Lodge |
| 7:15 | Orc Burrow |
| 7:36 | Wind Walk |
| 8:04 | Grunt |
| 8:04 | Grunt |
| 8:38 | Healing Wave |
| 9:16 | Grunt |
| 9:17 | Shaman Adept Training |
| 9:18 | Fortress |
| 9:21 | Tauren Totem |
| 9:53 | Grunt |
| 10:02 | Tauren Totem |
| 10:27 | Critical Strike |
| 10:39 | Hex |
| 11:01 | Spirit Walker Adept Training |
| 11:11 | Shaman |
| 12:15 | Tauren |
| 12:16 | Shaman Master Training |
| 12:32 | Orc Burrow |
| 12:36 | Shaman |
| 12:45 | Tauren |
| 12:48 | Pulverize |
| 13:18 | Spirit Walker Master Training |
| 13:20 | Shaman |
| 14:00 | Healing Wave |
| 14:09 | Tauren |
| 14:10 | Spirit Walker |
| 14:12 | Shaman |
| 14:39 | Wind Walk |
| Right click | 539 |
| Select | 181 |
| Select group | 67 |
| Build/train/purchase | 55 |
| Assign group | 16 |
| Use ability | 9 |
/ 1k
21 buildings @ 3.8k
/ 1.4k


| Wisp | 14 | 840 | / | 0 |
| Archer | 23 | 2990 | / | 230 |
| Dryad | 10 | 1450 | / | 600 |
| total: | 47 | 5280g | / | 830w |
| Altar of Elders | 1 | 180 | / | 50 |
| Moon Well | 6 | 1080 | / | 240 |
| Ancient of War | 1 | 150 | / | 60 |
| Hunter's Hall | 1 | 210 | / | 100 |
| Tree of Life | 1 | 340 | / | 185 |
| Ancient of Lore | 1 | 155 | / | 145 |
| Tree of Ages | 1 | 320 | / | 180 |
| Tree of Eternity | 1 | 330 | / | 200 |
| total: | 11 | 2115g | / | 780w |
| 0:02 | Wisp |
| 0:02 | Wisp |
| 0:05 | Altar of Elders |
| 0:06 | Moon Well |
| 0:17 | Wisp |
| 0:35 | Ancient of War |
| 0:43 | Wisp |
| 0:58 | Wisp |
| 1:14 | Wisp |
| 1:18 | Moon Well |
| 1:34 | Wisp |
| 1:37 | Archer |
| 1:59 | Archer |
| 2:11 | Trueshot Aura |
| 2:20 | Hunter's Hall |
| 2:29 | Archer |
| 2:41 | Moon Well |
| 2:55 | Archer |
| 3:03 | Wisp |
| 3:31 | Archer |
| 3:31 | Archer |
| 3:45 | Searing Arrows |
| 3:54 | Tree of Ages |
| 4:17 | Moon Well |
| 5:02 | Archer |
| 5:04 | Strength of the Moon |
| 5:04 | Moon Armor |
| 5:14 | Moon Well |
| 5:37 | Archer |
| 6:01 | Trueshot Aura |
| 6:36 | Tree of Life |
| 6:48 | Ancient of Lore |
| 6:50 | Wisp |
| 7:24 | Scout |
| 7:44 | Archer |
| 7:44 | Archer |
| 7:46 | Entangling Roots |
| 9:15 | Dryad |
| 9:15 | Dryad |
| 9:15 | Dryad |
| 9:15 | Dryad |
| 9:16 | Archer |
| 9:16 | Archer |
| 9:16 | Archer |
| 9:16 | Archer |
| 9:34 | Wisp |
| 9:34 | Wisp |
| 9:34 | Wisp |
| 9:34 | Wisp |
| 9:39 | Improved Strength of the Moon |
| 9:39 | Improved Moon Armor |
| 10:13 | Dryad |
| 10:15 | Archer |
| 10:15 | Archer |
| 11:10 | Archer |
| 11:10 | Archer |
| 11:12 | Tree of Eternity |
| 11:37 | Trueshot Aura |
| 11:50 | Archer |
| 11:50 | Archer |
| 11:52 | Dryad |
| 11:52 | Dryad |
| 11:52 | Dryad |
| 12:31 | Archer |
| 12:31 | Archer |
| 12:31 | Archer |
| 12:33 | Dryad |
| 12:33 | Dryad |
| 13:03 | Wisp |
| 13:07 | Moon Well |
| 13:35 | Improved Bows |
| Right click | 322 |
| Select | 227 |
| Select group | 163 |
| Misc. action | 80 |
| Build/train/purchase | 80 |
| Assign group | 39 |
| Use ability | 32 |


| Wisp | 10 | 600 | / | 0 |
| Archer | 3 | 390 | / | 30 |
| Huntress | 6 | 1170 | / | 120 |
| total: | 19 | 2160g | / | 150w |
| Altar of Elders | 1 | 180 | / | 50 |
| Moon Well | 4 | 720 | / | 160 |
| Ancient of War | 2 | 300 | / | 120 |
| Hunter's Hall | 1 | 210 | / | 100 |
| Ancient of Wonders | 1 | 90 | / | 30 |
| Ancient of Lore | 1 | 155 | / | 145 |
| Tree of Ages | 2 | 640 | / | 360 |
| Tree of Eternity | 2 | 660 | / | 400 |
| total: | 10 | 1655g | / | 605w |
| 0:04 | Wisp |
| 0:09 | Altar of Elders |
| 0:12 | Moon Well |
| 0:17 | Ancient of War |
| 0:26 | Wisp |
| 0:26 | Wisp |
| 0:38 | Wisp |
| 0:54 | Wisp |
| 1:11 | Wisp |
| 1:18 | Wisp |
| 1:21 | Archer |
| 1:43 | Moon Well |
| 1:45 | Archer |
| 1:53 | Wisp |
| 2:08 | Wisp |
| 2:24 | Hunter's Hall |
| 2:34 | Moon Well |
| 2:51 | Wisp |
| 2:54 | Archer |
| 3:01 | Ancient of Wonders |
| 3:25 | Huntress |
| 3:25 | Huntress |
| 3:40 | Force of Nature |
| 4:12 | Tree of Ages |
| 4:14 | Huntress |
| 4:38 | Moon Well |
| 5:05 | Huntress |
| 5:36 | Huntress |
| 6:13 | Huntress |
| 6:26 | Thorns Aura |
| 6:49 | Ancient of Lore |
| 6:55 | Ancient of War |
| 6:56 | Tree of Eternity |
| 7:10 | Moon Glaive |
| 8:16 | Immolation |
| 8:29 | Force of Nature |
| 12:00 | Ultravision |
| Right click | 381 |
| Select | 140 |
| Misc. action | 66 |
| Select group | 62 |
| Build/train/purchase | 37 |
| Resource trade | 28 |
| Assign group | 25 |
| Use ability | 12 |
| Minimap ping | 4 |
| Esc | 3 |
| Remove unit | 2 |
โ